 Dungeon Crawl Stone Soup version 0.30.1-11-g7821555f0a (webtiles) character file.

Game seed: 13253392903829169541

185 PaiMei the Grave Robber (level 5, -3/37 HPs)
             Began as a Demonspawn Necromancer on Jan 4, 2024.
             Slain by Pargi (8 damage)
             ... in a sewer.
             The game lasted 00:05:26 (2674 turns).

PaiMei the Grave Robber (Demonspawn Necromancer)    Turns: 2674, Time: 00:05:27

Health: -3/37      AC:  3    Str:  9    XL:     5   Next: 37%
Magic:  0/9        EV: 12    Int: 18    God:
Gold:   128        SH:  0    Dex: 13    Spells: 6/10 levels left

rFire   . . .        e - +0 short sword
rCold   . . .        (no shield)
rNeg    . . .        a - +0 robe
rPois   +            (no helmet)
rElec   .            q - +0 cloak
rCorr   .            (no gloves)
SInv    .            (no boots)
Will    .....        (no amulet)
Stlth   ++           l - ring of poison resistance
HPRegen 0.26/turn    (no ring)
MPRegen 0.11/turn

%: no passive effects
@: no status effects
A: demonic guardian 1, powered by death 2
a: no special abilities


You were in a sewer.
You visited 1 branch of the dungeon, and saw 3 of its levels.
You also visited: Sewer.

You collected 128 gold pieces.

Inventory:

Hand Weapons
 e - a +0 short sword (weapon)
Armour
 a - a +0 robe (worn)
 q - a +0 cloak (worn)
Jewellery
 d - a ring of ice
 l - a ring of poison resistance (left hand)
Wands
 j - a wand of flame (10)
 m - a wand of roots (7)
Scrolls
 f - a scroll of fog {unknown}
 g - a scroll of poison {unknown}
 h - 3 scrolls of identify {unknown}
 i - 2 scrolls of blinking {unknown}
 o - a scroll of butterflies {unknown}
Potions
 b - a potion of magic
 c - 2 potions of lignification {unknown}
 k - 2 potions of degeneration {unknown}
 n - 4 potions of might {unknown}
 p - a potion of invisibility {unknown}
 r - a potion of curing {unknown}


   Skills:
 + Level 1.0 Fighting
 + Level 2.9 Dodging
 - Level 2.8 Stealth
 + Level 3.1 Spellcasting
 + Level 5.2 Necromancy


You had 6 spell levels left.
You knew the following spells:

 Your Spells              Type           Power      Damage    Failure   Level
a - Necrotise             Necr           84%        1d8       1%          1
b - Vampiric Draining     Necr           21%        2d7       5%          3

Your spell library contained the following spells:

 Spells                   Type           Power      Damage    Failure   Level
 Sting                    Tmut/Pois      8%         1d3       16%         1
 Animate Dead             Necr           21%        N/A       19%         4
 Confusing Touch          Hex            2%         N/A       43%         3
 Inner Flame              Hex/Fire       2%         N/A       43%         3
 Agony                    Necr           21%        N/A       45%         5
 Irradiate                Conj/Tmut      1%         3d12      99%         5


Dungeon Overview and Level Annotations

Branches:
Dungeon (3/15)              Sewer (1/1)

Altars:
Okawaru

Annotations:
Sewer Pargi


Innate Abilities, Weirdness & Mutations

A weak demonic guardian rushes to your aid.
You regenerate health from kills.


Message History

Pargi bites you. Pargi claws you. Pargi barely misses you.
You miss Pargi.
Pargi is heavily wounded.
Pargi closely misses you. Pargi claws you. Pargi closely misses you.
You hit Pargi but do no damage.
Pargi is heavily wounded.
Pargi misses you. Pargi claws you but does no damage. Pargi barely misses you.
You hit Pargi but do no damage.
Pargi is moderately wounded.
Pargi snarls, "My home!
Leave!"
Pargi bites you!
A demonic guardian appears!
Pargi claws you. Pargi closely misses you.
You hit Pargi but do no damage.
Pargi is moderately wounded.
Your shadow imp barely misses Pargi.
Pargi bites you but does no damage. Pargi closely misses you. x2
You closely miss Pargi.
Pargi is moderately wounded.
Your shadow imp gestures at Pargi.
Pargi writhes in agony.
Pargi bites you.
* * * LOW HITPOINT WARNING * * *
Pargi claws you.
* * * LOW HITPOINT WARNING * * *
Pargi claws you.
* * * LOW HITPOINT WARNING * * *
Casting: Vampiric Draining (dangerous; 5% risk of failure)
Confirm with . or Enter, or press ? or * to list all spells.
Aiming: Necrotise (safe; 1% risk of failure)
Press: ? - help, Shift-Dir - straight line, f/p - Pargi
Aim: Pargi (moderately wounded, ally target, chance to affect: 85%) Pargi writhes in agony.
Your shadow imp barely misses Pargi.
Pargi bites you.
* * * LOW HITPOINT WARNING * * *
Pargi barely misses you. x2
Casting: Necrotise (safe; 1% risk of failure)
Confirm with . or Enter, or press ? or * to list all spells.
Aiming: Necrotise (safe; 1% risk of failure)
Press: ? - help, Shift-Dir - straight line, f/p - Pargi
Aim: Pargi (heavily wounded, ally target, chance to affect: 85%) Pargi writhes in agony.
Your shadow imp hits Pargi.
Pargi bites you!
You die...

≈~..#..~.≈≈≈≈≈≈≈≈≈≈≈≈##
...#####.~~≈≈≈≈≈≈≈≈≈≈≈##
~.## ###.~~≈≈≈≈≈≈≈≈≈≈#
### ####~.≈≈≈≈≈≈≈≈≈
##..≈≈≈≈≈≈≈≈ ##.~≈≈≈≈≈≈≈
##~≈≈≈≈≈≈≈ #..≈≈≈≈≈≈≈
##@≈≈≈≈≈≈≈
~~~.~~T≈≈≈≈≈≈≈≈
#######5≈≈≈≈≈≈≈
..≈≈≈≈≈≈≈ ##~≈≈≈≈≈≈
~≈≈≈≈≈≈ ≈≈≈≈≈≈≈ ≈≈≈≈≈≈≈


You could see Pargi (ally target) and a friendly shadow imp (summoned).

Vanquished Creatures
  Natasha (thrice) (D:2)
  4 adders
  2 worms
  A dart slug (D:2)
  An orc (D:3)
  4 ball pythons
  An endoplasm (D:3)
  4 giant cockroaches
  6 goblins
  4 hobgoblins
  8 jackals
  6 kobolds
  5 quokkas
  6 bats
  6 frilled lizards
  2 rats
63 creatures vanquished.

Vanquished Creatures (collateral kills)
  A jackal (D:1)
1 creature vanquished.

Grand Total: 64 creatures vanquished

Notes
Turn   | Place    | Note
-------+----------+-------------------------------------------
     0 | D:1      | PaiMei the Demonspawn Necromancer began the quest for the
                  | Orb.
     0 | D:1      | Reached XP level 1. HP: 13/13 MP: 3/3
   252 | D:1      | Gained mutation: You regenerate a little health from kills.
                  | [demonic ancestry]
   252 | D:1      | Reached XP level 2. HP: 19/19 MP: 1/5
  1022 | D:2      | Gained mutation: A weak demonic guardian rushes to your
                  | aid. [demonic ancestry]
  1022 | D:2      | Reached XP level 3. HP: 24/24 MP: 2/6
  1199 | D:2      | Noticed Natasha
  1211 | D:2      | Killed Natasha
  1233 | D:2      | Noticed Natasha
  1315 | D:2      | Killed Natasha
  1316 | D:2      | Gained mutation: You regenerate health from kills. [demonic
                  | ancestry]
  1316 | D:2      | Reached XP level 4. HP: 12/30 MP: 4/8
  1343 | D:2      | Noticed Natasha
  1348 | D:2      | Killed Natasha
  1349 | D:2      | Reached skill level 5 in Necromancy
  1461 | D:2      | Learned a level 3 spell: Vampiric Draining
  1822 | D:2      | Got Toec's Papyrus of the Exiled Lives
  2094 | D:3      | Found an iron altar of Okawaru.
  2141 | D:3      | Reached XP level 5. HP: 36/36 MP: 6/9
  2468 | D:3      | Found a glowing drain.
  2483 | Sewer    | Entered a sewer
  2597 | Sewer    | Reached skill level 1 in Fighting
  2660 | Sewer    | Noticed Pargi
  2674 | Sewer    | Slain by Pargi

Illustrated notes

Levels and vault maps discovered:
D:1:      sevenhm_arrival_forest_fort_small_6, layout_basic
D:2:      layout_loops_cross, minmay_split_cup_small, uniq_natasha
D:3:      layout_rooms, mainiacjoe_overflow_tiny_flanked, gup_sewer_entry_pipe,
          minmay_tree_intersection
Sewer:    sewer_co_pargi_island

Skill      XL: |  1  2  3  4  5 |
---------------+----------------+-----
Stealth        | 2 |  2.8
Dodging        | 2 |  2.9
Necromancy     | 5 |  5.2
Spellcasting   | 3 |  3.1
Fighting       | 1 |  1.0

Action                     |  1- 3 |  4- 6 || total
---------------------------+-------+-------++-------
  Melee: Unarmed           |     8 |       ||     8
         Short sword       |    14 |    10 ||    24
   Cast: Necrotise         |    55 |    69 ||   124
         Vampiric Draining |       |     2 ||     2
   Stab: Distracted        |     1 |       ||     1
 Armour: Robe              |     8 |     7 ||    15
  Dodge: Dodged            |    34 |    23 ||    57
